 Dungeon Crawl Stone Soup version 0.27-a0-385-g3208abaabc (console) character file.

Game seed: 521178520858063711

875 Garrluk the Cleaver (level 7, 0/51 (61) HPs)
             Began as a Deep Dwarf Berserker on Feb 18, 2021.
             Was a Believer of Trog.
             Slain by a wight
             ... wielding a +2 spear
              (2 damage)
             ... on level 7 of the Dungeon.
             The game lasted 00:10:33 (1327 turns).

Garrluk the Cleaver (Deep Dwarf Berserker)          Turns: 1327, Time: 00:10:33

HP:   0/51 (61)     AC:  6    Str: 23    XL:     7   Next: 74%
MP:   6/6           EV: 11    Int:  7    God:    Trog [**....]
Gold: 46            SH:  0    Dex: 14    Spells: 6/6 levels left

rFire    . . .     SeeInvis .   a - +0 hand axe
rCold    . . .     Faith    .   (no shield)
rNeg     . . .     Spirit   .   c - +0 ring mail
rPois    .         Reflect  .   (no helmet)
rElec    .         Harm     .   m - +0 cloak
rCorr    .         Rampage  .   (no gloves)
Will     +....                  (no boots)
Stlth    +.........             (no amulet)
HPRegen  0.00/turn              (no ring)
MPRegen  0.10/turn              (no ring)

@: non-regenerating, heavily drained
A: damage resistance, heal wounds, agile 1, sense surroundings 1, MP-powered
wands, no regeneration
a: Heal Wounds, Renounce Religion, Berserk, Trog's Hand


You were on level 7 of the Dungeon.
You worshipped Trog.
Trog was pleased with you.
You visited 1 branch of the dungeon, and saw 7 of its levels.

You collected 112 gold pieces.
You spent 66 gold pieces at shops.

Notes
Turn   | Place    | Note
-------+----------+-------------------------------------------
     0 | D:1      | Garrluk the Deep Dwarf Berserker began the quest for the
                  | Orb.
     0 | D:1      | Reached XP level 1. HP: 20/20 MP: 1/1
   117 | D:1      | Reached skill level 4 in Axes
   117 | D:1      | Reached XP level 2. HP: 24/27 MP: 2/2
   364 | D:1      | Reached XP level 3. HP: 33/33 MP: 3/3
   441 | D:2      | Found a shadowy altar of Dithmenos.
   535 | D:3      | Found a faded altar of an unknown god.
   597 | D:3      | Reached skill level 5 in Axes
   600 | D:3      | Reached ** piety under Trog
   658 | D:4      | Reached XP level 4. HP: 30/40 MP: 4/4
   670 | D:4      | Reached skill level 6 in Axes
   672 | D:4      | Found Tozxuhov's Distillery.
   687 | D:4      | Bought a potion of degeneration for 11 gold pieces
   687 | D:4      | Bought a potion of heal wounds for 55 gold pieces
   690 | D:4      | Gained mutation: You expend magic power (3 MP) to
                  | strengthen your wands. [potion of mutation]
   690 | D:4      | Gained mutation: You are agile. (Dex +2) [potion of
                  | mutation]
   763 | D:4      | Noticed Ijyb
   791 | D:4      | Killed Ijyb
   792 | D:4      | Reached XP level 5. HP: 16/46 MP: 5/5
   853 | D:4      | Noticed Dowan
   854 | D:4      | Noticed Duvessa
   856 | D:4      | Reached skill level 7 in Axes
   871 | D:4      | Killed Dowan
   873 | D:4      | Killed Duvessa
   874 | D:4      | Reached skill level 8 in Axes
   874 | D:4      | Reached XP level 6. HP: 18/55 MP: 5/5
   945 | D:5      | Entered Level 5 of the Dungeon
  1007 | D:5      | Found an ornate altar of the Wu Jian Council.
  1015 | D:5      | Noticed a sky beast
  1025 | D:5      | Killed a sky beast
  1062 | D:5      | Found a runed translucent door.
  1063 | D:5      | Noticed Crazy Yiuf
  1071 | D:5      | Killed Crazy Yiuf
  1072 | D:5      | Reached XP level 7. HP: 20/61 MP: 3/6
  1179 | D:6      | Reached skill level 9 in Axes
  1301 | D:7      | Reached skill level 10 in Axes
  1321 | D:7      | HP: 2/52 [wight/+0 long sword (1)]
  1327 | D:7      | Slain by a wight

Inventory:

Hand Weapons
 a - a +0 hand axe (weapon)
 g - a +1 vampiric dagger
   (You took it off a kobold on level 1 of the Dungeon)
Missiles
 h - a throwing net
 l - 22 stones (quivered)
 o - 4 silver boomerangs
Armour
 c - a +0 ring mail (worn)
   (You found it on level 1 of the Dungeon)
 m - a +0 cloak (worn)
   (You took it off Crazy Yiuf on level 5 of the Dungeon)
Wands
 d - a wand of flame (30)
   (You took it off Ijyb on level 4 of the Dungeon)
Scrolls
 b - a scroll of enchant weapon {unknown}
 e - 2 scrolls of enchant armour {unknown}
 f - a scroll of noise {unknown}
 i - 4 scrolls of identify {unknown}
 k - 2 scrolls of teleportation {unknown}
Potions
 j - a potion of magic
 n - a potion of flight

Table legend: (Time is in decaauts)
 A = Elapsed time spent in this place.
 B = Non-inter-level travel time spent in this place.
 C = Inter-level travel time spent in this place.
 D = Time resting spent in this place.
 E = Time spent auto-exploring this place.
 F = Levels seen in this place.
 G = Mean time per level.
                   A        B        C        D        E       F      G
               +--------+--------+--------+--------+--------+-----+--------+
         Total |   1317 |   1317 |      0 |     38 |      0 |   7 |  188.1 |
       Dungeon |   1317 |   1317 |      0 |     38 |      0 |   7 |  188.1 |
               +--------+--------+--------+--------+--------+-----+--------+

Top non-repeatable levels by time:
     D:1: 437 daAuts
     D:4: 297 daAuts
     D:5: 227 daAuts
     D:3: 162 daAuts
     D:6: 121 daAuts
     D:7: 35 daAuts
     D:2: 35 daAuts


   Skills:
 - Level 2.6 Fighting
 * Level 10.2 Axes
 - Level 2.1 Armour
 - Level 2.1 Dodging


You had 6 spell levels left.
You didn't know any spells.
Your spell library was empty.

Dungeon Overview and Level Annotations

Branches:
Dungeon (7/15)
 Temple: D:4-7

Altars:
Dithmenos
Wu Jian

Shops:
D:4 !


Innate Abilities, Weirdness & Mutations

You are resistant to damage.
You can heal yourself by infusing magical energy.
You passively map a small area around you.
You do not regenerate.
You are agile. (Dex +2)
You expend magic power (3 MP) to strengthen your wands.


Message History

2 wights come into view.
The wight hits you with a +2 spear.
* * * LOW HITPOINT WARNING * * *
Things that are here:
a +0 flail; a +0 robe The wight hits you with a +2 spear.
* * * LOW HITPOINT WARNING * * *
You feel drained. The wight barely misses you.
You barely miss the wight.
The wight hits you from afar with a +2 spear.
* * * LOW HITPOINT WARNING * * *
You hit the wight but do no damage.
The wight hits you from afar with a +2 spear.
The wight hits you with a +0 long sword.
* * * LOW HITPOINT WARNING * * *
You feel drained.
An adder comes into view.
The adder hisses angrily.
The wight hits you but does no damage.
You see here a scroll labelled QURIARCH WOR KOG.
The adder bites you but does no damage. The adder bites you.
You hit the adder.
The adder is lightly wounded.
The wight hits you from afar with a +2 spear.
The adder bites you.
You slash the adder!
You kill the adder!
Trog accepts your kill.
You hit the wight. The wight hits you but does no damage.
The wight hits you from afar with a +2 spear.
Press: ? - help, v - describe, . - travel, g - get item
Here: a wight, wielding a +0 long sword and wearing a +0 robe (moderately damaged) Item here: a scroll labelled QURIARCH WOR KOG.
The floor.
Unknown command.
You hit the wight.
The wight is heavily damaged.
The wight hits you with a +2 spear.
You die...

* , , , , * *
, , *
##############
*
#...<).......#
,
#.####)#####.
* * * *
#.......z#.# *
* ######.#z@z#
* ** #.###.# ,
... #†#
**##.#,#.# * ,
,.<. ..# *
,#.#,#.. ,, **
#. ,#.# , *
#.# * *** ,
#.. , , * *


You could see 3 wights.

Table legend:
 A = Kills in this place as a percentage of kills in entire the game.
 B = Kills by you in this place as a percentage of kills by you in the entire game.
 C = Kills by friends in this place as a percentage of kills by friends in the entire game.
 D = Other kills in this place as a percentage of other kills in the entire game.
 E = Experience gained in this place as a percentage of experience gained in the entire game.
 F = Experience gained in this place divided by the number of levels of this place that you have seen.
                   A       B       C       D       E      F
               +-------+-------+-------+-------+-------+----------------------
         Total | 100.0 | 100.0 |   N/A |   N/A | 100.0 | 178.7
       Dungeon | 100.0 | 100.0 |   N/A |   N/A | 100.0 | 178.7
               +-------+-------+-------+-------+-------+----------------------

Vanquished Creatures
  Monster Symbol All 'B'
  4 worker ants
  2 giant cockroaches
6 creatures vanquished. All 'J' An ooze (D:1)
1 creature vanquished. All 'K' 5 kobolds
5 creatures vanquished. All 'O' An ogre (D:6)
1 creature vanquished. All 'P' A fungus (D:5)
1 creature vanquished. All 'S' 3 adders
3 creatures vanquished. All 'Y' 2 sky beasts
2 creatures vanquished. All 'Z' A bullfrog skeleton (D:4) An adder zombie (D:5)
2 creatures vanquished. All 'b' 3 bats (D:1)
3 creatures vanquished. All 'e' Duvessa (D:4) Dowan (D:4)
2 creatures vanquished. All 'g' Crazy Yiuf (D:5) Ijyb (D:4) 3 gnolls (D:6) 7 hobgoblins 3 goblins
15 creatures vanquished. All 'h' 2 hounds 3 jackals (D:1)
5 creatures vanquished. All 'l' An iguana (D:6) A leopard gecko (D:6) 2 frilled lizards (D:1)
4 creatures vanquished. All 'r' A quokka (D:3) 3 rats
4 creatures vanquished. All 'w' 2 worms (D:3)
2 creatures vanquished. All 'z' 2 wights (D:7)
2 creatures vanquished.
58 creatures vanquished. Monster Nature Uniques Duvessa (D:4) Dowan (D:4) Crazy Yiuf (D:5) Ijyb (D:4)
4 creatures vanquished. Natural Monsters An ogre (D:6) 2 sky beasts 2 hounds An iguana (D:6) 4 worker ants 3 gnolls (D:6) 3 adders An ooze (D:1) 2 worms (D:3) A leopard gecko (D:6) 3 bats (D:1) 2 giant cockroaches 7 hobgoblins 3 jackals (D:1) A quokka (D:3) 2 frilled lizards (D:1) 3 goblins 5 kobolds 3 rats
49 creatures vanquished. Undead Monsters 2 wights (D:7) A bullfrog skeleton (D:4) An adder zombie (D:5)
4 creatures vanquished. Plants A fungus (D:5)
1 creature vanquished.
58 creatures vanquished. Ascending Order Duvessa (D:4) An ogre (D:6) Dowan (D:4) Crazy Yiuf (D:5) An iguana (D:6) A bullfrog skeleton (D:4) Ijyb (D:4) An ooze (D:1) An adder zombie (D:5) A leopard gecko (D:6) A quokka (D:3) A fungus (D:5) 2 sky beasts 2 wights (D:7) 2 hounds 2 worms (D:3) 2 giant cockroaches 2 frilled lizards (D:1) 3 gnolls (D:6) 3 adders 3 jackals (D:1) 3 bats (D:1) 3 rats 3 goblins 4 worker ants 5 kobolds 7 hobgoblins
58 creatures vanquished.

Action                   |  1- 3 |  4- 6 |  7- 9 || total
-------------------------+-------+-------+-------++-------
Melee: Hand axe          |    49 |    57 |    49 ||   155
       Dagger            |   100 |    65 |    38 ||   203
Throw: Stone             |     1 |       |       ||     1
Invok: Berserk           |       |     1 |     1 ||     2
       Trog's Hand       |       |     1 |       ||     1
 Abil: Heal Wounds       |       |     2 |     2 ||     4
Evoke: Wand              |       |     2 |     2 ||     4
  Use: Potion            |       |     7 |       ||     7
Armor: Ring mail         |    34 |    20 |    36 ||    90
Dodge: Dodged            |    73 |    73 |    48 ||   194
